AoeStats
← Scarecrow

Arabia

510768468Analyzed
2v2 RM · 19h ago on Oct 2, 2026· 31m 13s· 4 players
Game mode
Random Map
Map size
Medium (4 player)
Population
200
Speed
Normal
Resources
Standard
Victory
Conquest
Starting age
Dark Age
Ending age
Imperial Age
RankedLock teamsTeams togetherTeam positionsShared explorationLock speedFull tech treeHidden civsTurbo modeCheats
Victory
Defeat
🇰🇷 Franks · South Korea
1192
+21
🇦🇺 Mongols · Australia
1120
+12
🇫🇷 Tatars · France
1042
-11
🇪🇸 Franks · Spain
1040
-11
ivanxiri25
9:28 Feudal Age
12:58 Wheelbarrow
13:28 Double-Bit Axe
14:48 Loom
20:34 Castle Age
18:47 Gold Mining
21:10 Pikeman
21:50 Squires
25:20 Gold Shaft Mining
cremolol
6:48 Loom
10:03 Feudal Age
16:13 Castle Age
15:51 Double-Bit Axe
16:28 Fletching
17:46 Padded Archer Armor
20:42 Bodkin Arrow
21:40 Bow Saw
23:03 Ballistics
24:00 Bloodlines
23:50 Husbandry
23:50 Horse Collar
24:49 Heavy Plow
27:42 Scale Barding Armor
27:52 Forging
28:49 Gold Mining
31:06 Chain Barding Armor
Scarecrow
10:03 Feudal Age
9:22 Loom
10:48 Double-Bit Axe
19:40 Castle Age
19:04 Gold Mining
19:52 Scale Barding Armor
20:58 Wheelbarrow
19:56 Pikeman
21:18 Bow Saw
24:04 Squires
24:32 Chain Barding Armor
23:43 Elite Skirmisher
27:15 Padded Archer Armor
27:08 Fletching
28:09 Scale Mail Armor
Raznaz
10:17 Feudal Age
8:33 Loom
11:21 Double-Bit Axe
11:17 Horse Collar
17:14 Castle Age
16:54 Bloodlines
17:33 Forging
17:35 Scale Barding Armor
18:59 Bow Saw
20:36 Husbandry
25:46 Elite Skirmisher
28:28 Chain Barding Armor
28:26 Gold Mining
29:48 Iron Casting
30:51 Stone Mining
31:36 Gold Shaft Mining
Connection lost

Rejoining the realm…

Still unreachable

The connection could not be restored.

Session expired

The server has moved on; the page needs a fresh start.